 Dungeon Crawl Stone Soup version 0.17-a0-995-gb5fa8d7 (webtiles) character file.

3274 halfnothing the Spear-Bearer (level 10, -5/46 HPs)
             Began as a Vine Stalker Gladiator on May 12, 2015.
             Was a High Priest of Okawaru.
             Slain by a cyan ugly thing (12 damage)
             ... on level 8 of the Dungeon.
             The game lasted 00:51:31 (6139 turns).

halfnothing the Spear-Bearer (VSGl)                 Turns: 6139, Time: 00:51:32

Health: -5/46      AC:  6    Str: 24    XL:     10   Next: 0%
Magic:  0/15       EV: 20    Int:  8    God:    Okawaru [*****.]
Gold:   386        SH:  0    Dex: 17    Spells: 0 memorised, 9 levels left

rFire  . . .     SeeInvis .     N - +2 spear (curse)
rCold  . . .     Clarity  .     b - +0 leather armour
rNeg   . . .     SustAb   .     (no shield)
rPois  .         Gourm    .     c - +0 helmet
rElec  .         Spirit   +     w - +0 cloak
rCorr  .         Warding  .     (no gloves)
rMut   .         Stasis   .     (no boots)
MR     +....                    x - amulet of faith
Stlth  +++.......               (no ring)
                                y - +5 ring of strength

@: heroism, somewhat resistant to hostile enchantments, fairly stealthy
A: fangs 3, regeneration 2, magic shield, antimagic bite, no device heal 3, rot
immunity
a: Heroism, Finesse, Renounce Religion


You were on level 8 of the Dungeon.
You worshipped Okawaru.
Okawaru was extremely pleased with you.
You were not hungry.

You visited 2 branches of the dungeon, and saw 9 of its levels.

You collected 435 gold pieces.
You spent 49 gold pieces at shops.

Inventory:

Hand weapons
 N - a cursed +2 spear (weapon)
 U - a +1 scythe of slicing
Missiles
 d - 4 throwing nets (quivered)
Armour
 b - a +0 leather armour (worn)
 c - a +0 helmet (worn)
 w - a +0 cloak (worn)
Jewellery
 x - an amulet of faith (around neck)
 y - a +5 ring of strength (left hand)
 R - an uncursed amulet of the gourmand {unknown}
 T - a +4 ring of intelligence {unknown}
Magical devices
 A - a wand of flame (16)
 V - a wand of teleportation (1)
Scrolls
 f - a scroll of random uselessness {unknown}
 l - 2 scrolls of remove curse
 m - 3 scrolls of enchant weapon
 n - a scroll of fear
 s - a scroll of amnesia {unknown}
 t - a scroll of recharging {unknown}
 z - a scroll of enchant armour {unknown}
 C - a scroll of summoning {unknown}
 D - 6 scrolls of identify
 F - a scroll of magic mapping {unknown}
 H - a scroll of fog {unknown}
 I - a scroll of immolation {unknown}
 K - a scroll of blinking {unknown}
 M - 2 scrolls of teleportation {unknown}
Potions
 h - 2 potions of ambrosia {unknown}
 i - 2 potions of degeneration {unknown}
 j - 5 potions of curing {unknown}
 k - 4 potions of lignification {unknown}
 o - a potion of cancellation {unknown}
 p - 2 potions of brilliance
 q - 2 potions of flight {unknown}
 u - a potion of haste {unknown}
 v - a potion of resistance {unknown}
 E - a potion of berserk rage
 J - a potion of cure mutation {unknown}
 O - a potion of might {unknown}
 S - a potion of heal wounds {unknown}
Books
 G - a book of Cantrips

   Spells                             Type                      Level
   a - Corona                         Hexes                        1
   b - Animate Skeleton               Necromancy                   1
   c - Summon Small Mammal            Summoning                    1
   d - Apportation                    Translocation                1
 Q - a book of Enchantments

   Spells                             Type                      Level
   a - Cause Fear                     Hexes                        4
   b - Silence                        Hexes/Air                    5
   c - Deflect Missiles               Charms/Air                   6
   d - Haste                          Charms                       6
   e - Discord                        Hexes                        8
Comestibles
 a - 2 chunks of flesh
 e - 10 bread rations
 g - a beef jerky
 r - a slice of pizza
 B - 2 meat rations
 L - a royal jelly


   Skills:
 - Level 1.7(6.7) Fighting
 * Level 9.3(14.3) Polearms
 - Level 1.7(6.7) Throwing
 + Level 6.6(11.6) Dodging
 + Level 6.2 Invocations


You had 9 spell levels left.
You didn't know any spells.

Dungeon Overview and Level Annotations

Branches:
Dungeon (8/15)             Temple (1/1) D:4            Lair (0/8) D:8

Altars:
Ashenzari
Cheibriados
Dithmenos
Elyvilon
Fedhas
Kikubaaqudgha
Makhleb
Nemelex Xobeh
Okawaru
Ru
Vehumet
Xom
Yredelemnul
Zin

Shops:
D:7 =   D:8 =


Innate Abilities, Weirdness & Mutations

You have razor-sharp teeth.
You heal very quickly.
When hurt, damage is shared between your health and your magic reserves.
Your bite disrupts and absorbs the magic of your enemies.
Potions and wands cannot restore your health.
You are immune to rotting.


Message History

Attack whom?
Press: ? - help, Dir - move target cursor, f - cyan ugly thing
Aim: a cyan ugly thing You reach to attack!
You hit the cyan ugly thing.
The cyan ugly thing is lightly wounded.
You hit the cyan ugly thing.
The cyan ugly thing is lightly wounded.
The cyan ugly thing stings you! The cyan ugly thing shocks you!
You barely miss the cyan ugly thing. Your bite misses the cyan ugly thing.
The cyan ugly thing is lightly wounded.
You hit the cyan ugly thing but do no damage.
You bite the cyan ugly thing, but do no damage.
The cyan ugly thing is lightly wounded.
The cyan ugly thing stings you. The cyan ugly thing shocks you!
Use which ability? (? or * to list)
You gain the combat prowess of a mighty hero.
You feel slightly more hungry. The cyan ugly thing stings you!
* * * LOW HITPOINT WARNING * * *
The cyan ugly thing shocks you!
You die...

......#'####......#.......##.
...u..'.o..'......#......>##.
......#....#.########......).
..... #..u.#.#.#$# #.##..##.
.... +......#.#.# #.##+###.
... #....'o).#.#+##..#..##'
.. #....#s#.....%#..#..#.. .
##+###u#.#.#.%#..'..+..
#@###########..##.
##'##.....###'###.
#..#.....'.......
#..'.....#.......
+..#.....#.......
#..#.....#+##+###
#+####...†......# +...[......
#..........


You could see a cyan ugly thing, an orc and a giant cockroach.

Vanquished Creatures
  Pikel (D:7)
  Sigmund (D:6)
  A deep elf fighter (D:8)
  An orc warrior (D:8)
  Duvessa (D:4)
  An ice beast (D:7)
  3 ogres
  A phantom (D:6)
  4 slaves (D:7)
  2 big kobolds (D:6)
  A crocodile (D:7)
  Blork the orc (D:5)
  2 giant frogs (D:7)
  Dowan (D:4)
  A scorpion (D:5)
  7 wights
  3 electric eels (D:6)
  3 crimson imps (D:6)
  3 orc priests
  2 jellies (D:5)
  3 hounds
  2 giant frog skeletons (D:5)
  3 orc wizards
  7 worker ants
  A hound zombie (D:7)
  2 worker ant zombies
  2 gnolls (D:6)
  7 adders
  4 oozes
  3 worms
  4 giant geckos
  17 orcs
  A bat skeleton (D:4)
  5 giant cockroaches
  8 hobgoblins
  6 jackals
  6 quokkas
  4 ball pythons
  20 bats
  3 giant newts
  10 goblins
  46 kobolds
  22 rats
226 creatures vanquished.

Vanquished Creatures (others)
  A hungry ghost (D:7)
  A giant gecko skeleton (D:7)
2 creatures vanquished.

Grand Total: 228 creatures vanquished

Notes
Turn   | Place    | Note
--------------------------------------------------------------
     0 | D:1      | halfnothing the Vine Stalker Gladiator began the quest for the Orb.
     0 | D:1      | Reached XP level 1. HP: 11/11 MP: 2/2
    62 | D:1      | Reached skill level 3 in Polearms
    65 | D:1      | Reached XP level 2. HP: 6/15 MP: 3/3
   292 | D:1      | Reached XP level 3. HP: 16/18 MP: 4/4
  1081 | D:2      | Reached XP level 4. HP: 23/23 MP: 5/5
  1610 | D:3      | Reached skill level 4 in Polearms
  1827 | D:3      | Found a sparkling altar of Nemelex Xobeh.
  2338 | D:4      | Reached XP level 5. HP: 14/26 MP: 2/6
  2552 | D:4      | Found a staircase to the Ecumenical Temple.
  2558 | Temple   | Entered the Ecumenical Temple
  2643 | Temple   | Became a worshipper of Warmaster Okawaru
  2804 | D:4      | Reached skill level 1 in Invocations
  2899 | D:4      | Found a glowing silver altar of Zin.
  2915 | D:4      | Noticed Dowan
  2930 | D:4      | Noticed Duvessa
  2967 | D:3      | Gained mutation: You heal very quickly. [Vine Stalker growth]
  2967 | D:3      | Reached XP level 6. HP: 15/30 MP: 7/7
  3027 | D:4      | Killed Duvessa
  3027 | D:4      | Acquired Okawaru's first power
  3027 | D:4      | Reached skill level 5 in Polearms
  3031 | D:4      | Killed Dowan
  3081 | D:4      | Noticed an ogre
  3092 | D:4      | Killed an ogre
  3092 | D:4      | Reached XP level 7. HP: 34/34 MP: 9/9
  3234 | D:5      | Entered Level 5 of the Dungeon
  3310 | D:5      | Found an ancient bone altar of Kikubaaqudgha.
  3343 | D:5      | Noticed Blork the orc
  3351 | D:5      | Killed Blork the orc
  3517 | D:5      | Reached skill level 6 in Polearms
  3551 | D:5      | Reached skill level 5 in Dodging
  3652 | D:5      | Gained mutation: You have razor-sharp teeth. [Vine Stalker growth]
  3652 | D:5      | Reached XP level 8. HP: 36/38 MP: 11/11
  4291 | D:6      | Reached skill level 7 in Polearms
  4803 | D:6      | Noticed Sigmund
  4821 | D:6      | Killed Sigmund
  4821 | D:6      | Reached XP level 9. HP: 39/42 MP: 13/13
  4849 | D:6      | Reached skill level 5 in Invocations
  4896 | D:6      | Reached skill level 8 in Polearms
  5310 | D:7      | Noticed Pikel
  5328 | D:7      | Killed Pikel
  5448 | D:7      | Found a sacrificial altar of Ru.
  5608 | D:7      | Acquired Okawaru's second power
  5714 | D:7      | Reached skill level 9 in Polearms
  5869 | D:7      | Found Daphec Neif's Jewellery Boutique.
  5875 | D:7      | Bought a cursed ring of loudness for 49 gold pieces
  5935 | D:8      | Found Podaic's Jewellery Shoppe.
  6062 | D:8      | Found a staircase to the Lair.
  6108 | D:8      | Reached XP level 10. HP: 46/46 MP: 15/15
  6119 | D:8      | Noticed a cyan ugly thing
  6139 | D:8      | Slain by a cyan ugly thing

Vault maps used:
D:1:      grunt_arrival_lava_bath
D:2:      minivault_27
D:3:      first_bread, hex_tiny, minmay_misc_feat_columns,
          nemelex_xobeh_ov_fountains_minmay
D:4:      zin_scriptorium, minmay_temple_entry_enclosed_plants, uniq_duvessa
D:5:      lemuel_doored_altar, uniq_blork_the_orc
D:6:      minmay_goblin_kobold_castle, grunt_decor_mini_mirrors, uniq_sigmund
D:7:      serial_shops, nicolae_shop_behind_doors,
          nicolae_ru_great_annihilating_truth, uniq_pikel
D:8:      gammafunk_temple_overflow_elements, due_lair_maze_entry_diamond,
          serial_shops, nicolae_shop_waterfront, grunt_pizzeria,
          kennysheep_just_a_vault
Temple:   circular_temple_12

Action                   |  1- 3 |  4- 6 |  7- 9 | 10-12 || total
-------------------------+-------+-------+-------+-------++-------
Melee: Trident           |    86 |   155 |   170 |       ||   411
       Unarmed           |       |       |    10 |       ||    10
       Spear             |       |       |   378 |     8 ||   386
Invok: Heroism           |       |     1 |     2 |     1 ||     4
  Use: Scroll            |       |     4 |       |       ||     4
 Stab: Sleeping          |     1 |     1 |     2 |       ||     4
       Distracted        |       |       |     2 |       ||     2
       Paralysed         |       |       |     1 |       ||     1
  Eat: Chunk             |     1 |     6 |    11 |       ||    18
